Pick #1

Connor Bedard
Pick #2

Leo Carlsson
Pick #3

Adam Fantilli
Pick #4

Matvei Michkov
Pick #5

David Reinbacher
Pick #6

William Smith
Pick #7

Zachary Benson
Pick #8

Ryan Leonard
Pick #9

Gabriel Perreault
Pick #10

Axel Sandin-Pellika
Pick #11

Daniil But
Pick #12

Dalibor Dvorsky
Pick #13

Quentin Musty
Pick #14

Brayden Yager
Pick #15

Dmitry Simashev
Pick #16

Colby Barlow
Pick #17

Andrew Cristall
Pick #18

Easton Cowan
Pick #19

Jacob Fowler
Pick #20

Oliver Moore
Pick #21

Oliver Bonk
Pick #22

Tom Willander
Pick #23

Calum Ritchie
Pick #24

Tanner Molendyk
Pick #25

Gavin Brindley
Pick #26

Nate Danielson
Pick #27

Pick #28

Pick #29

Pick #30

Pick #31

Pick #32

Pick #33

Pick #34

Pick #35

Pick #36

Pick #37

Pick #38

Pick #39

Pick #40

Pick #41

Pick #42

Pick #43

Pick #44

Pick #45

Pick #46

Pick #47

Pick #48

Pick #49

Pick #50

Pick #51

Pick #52

Pick #53

Pick #54

Pick #55

Pick #56

Pick #57

Pick #58

Pick #59

Pick #60

Pick #61

Pick #62

Pick #63

Pick #64

Pick #65

Pick #66

Pick #67

Pick #68

Pick #69

Pick #70

Pick #71

Pick #72

Pick #73

Pick #74

Pick #75

Pick #76

Pick #77

Pick #78

Pick #79

Pick #80

Pick #81

Pick #82

Pick #83

Pick #84

Pick #85

Pick #86

Pick #87

Pick #88

Pick #89

Pick #90

Pick #91

Pick #92

Pick #93

Pick #94

Pick #95

Pick #96

Pick #97

Pick #98

Pick #99

Pick #100

Pick #101

Pick #102

Pick #103

Pick #104

Pick #105

Pick #106

Pick #107

Pick #108

Pick #109

Pick #110

Pick #111

Pick #112

Pick #113

Pick #114

Pick #115

Pick #116

Pick #117

Pick #118

Pick #119

Pick #120

Pick #121

Pick #122

Pick #123

Pick #124

Pick #125

Pick #126

Pick #127

Pick #128

Pick #129

Pick #130

Full Scoreboard »»

Penguins vs Ducks

Created - November 15, 2023 at 06:00

Goals
1 2 3 T
Penguins 0 1 0 1
Ducks 1 1 2 4
Shots
1 2 3 T
Penguins 5 8 5 18
Ducks 8 8 8 24

GoalsPenalties
1st period
1. Ducks , Patrick Kane 7 (Zach Hyman 7, Travis Boyd 2) at 6:05
Mathew Dumba (PIT) for Roughing (Minor) at 1:05
2nd period
2. Ducks , Mats Zuccarello 6 (Phillip Danault 8) at 1:36
3. Penguins , Logan O'Connor 4 (Ryan Poehling 4, Matt Roy 2) at 8:11
Mathieu Olivier (ANA) for Holding (Minor) at 10:41
Logan O'Connor (PIT) for Holding (Minor) at 12:43
3rd period
4. Ducks , Moritz Seider 3 (Phillip Danault 9, Tyson Barrie 5) at 3:34 (PP)
5. Ducks , Patrick Kane 8 (Zach Hyman 8, Ryan McDonagh 5) at 11:49
MacKenzie Weegar (PIT) for Holding (Minor) at 1:50
Goalie Stats
Connor Hellebuyck (PIT), 20 saves from 24 shots - (0.833), L, 8-9-0, 60:00 minutes
Frederik Andersen (ANA), 17 saves from 18 shots - (0.944), W, 8-7-2, 60:00 minutes
3 StarsOfficial
1 - Patrick Kane (ANA)
2 - Zach Hyman (ANA)
3 - Travis Boyd (ANA)
Referees : Chris Rooney and Justin Kea
Linesman : Matt MacPherson and Darren Gibbs
Game Note
No Game Note
Finance
Level 1 -- Attendance: 6297 (96.88%) -- Ticket Income $692,670
Level 2 -- Attendance: 5000 (100.00%) -- Ticket Income $375,000
Level 3 -- Attendance: 2600 (100.00%) -- Ticket Income $145,600
Level 4 -- Attendance: 2074 (100.00%) -- Ticket Income $82,960
Luxury Box -- Attendance: 920 (92.00%) -- Ticket Income $183,080
Game was played at the Honda Center.
Total Attendance: 16891 (98.35%)
Total Ticket Income: $1,479,310
Other Income: $369,828
Total Income: $1,849,138



Team Name Goals Shots Shots Attemp Shots Blocked PIM HIT PP PK FO%
Penguins 11846106120 / 1 (0%)146%
Ducks 4245852151 / 3 (33%)054%

Penguins
Player Name POS G A P +/- PIM HIT SHT SB MP PP MP PP SHT PK MP PK SHT FO% FOT
Cole CaufieldRW0000000019:340:3300:000100% 1
Devon ToewsD0000000223:210:3702:5600% 0
Dylan LarkinC0000005121:541:2202:57045% 22
Jeff PetryD000-2011121:531:2213:0700% 0
Jesper BrattLW0000002020:320:3300:5800% 0
Josh AndersonRW0000030020:411:2201:440100% 1
Julien GauthierRW000000000:040:0400:0000% 0
Justin FaulkD0000021123:240:3702:5900% 0
Kevin FialaLW0000022019:511:2200:54050% 2
Logan O'ConnorRW1010202111:470:0001:590100% 1
MacKenzie WeegarD0000201215:460:0000:4000% 0
Mathew DumbaD000-2201120:271:2211:4200% 0
Matt RoyD0110000115:070:0000:0000% 0
Nathan MacKinnonC0000020019:410:3300:07045% 20
Oskar LindblomLW000-2000015:540:0400:0700% 0
Rem PitlickC000-202006:520:0400:54020% 10
Rudolfs BalcersLW000-200205:540:0000:0000% 0
Ryan PoehlingC0110001011:330:0001:44057% 14
Ducks
Player Name POS G A P +/- PIM HIT SHT SB MP PP MP PP SHT PK MP PK SHT FO% FOT
Adam FoxD0000011124:272:4201:0100% 0
Adrian KempeRW000-1011019:172:1300:1400% 1
Brayden McNabbD0002000114:570:0000:0000% 0
Claude GirouxRW000000117:162:3710:000100% 2
Jack JohnsonD000100005:060:0000:0000% 0
Joe PavelskiC000-1012020:342:3911:05057% 23
Mathieu OlivierRW0001220015:570:5200:000100% 1
Mats ZuccarelloRW1011002015:060:0000:000100% 4
Moritz SeiderD1010012120:363:0010:5800% 0
Nikolaj EhlersLW000000004:390:0000:0000% 1
Patrick KaneRW2022005015:440:0000:0000% 0
Phillip DanaultC0221002019:313:0301:22062% 21
Pierre-Luc DuboisLW000-1031025:042:3700:58050% 2
Rasmus DahlinD0000021124:272:4211:0100% 0
Ryan McDonaghD011100109:510:0000:0000% 0
Travis BoydC0112040016:030:0000:19021% 14
Tyson BarrieD0110002020:363:0020:5800% 0
Zach HymanLW0222003018:493:0500:00050% 2



Play-by-Play

1st period


0:01 of 1st period - Joe Pavelski wins face-off versus Nathan MacKinnon in neutral zone.
0:12 of 1st period - Shot by Nathan MacKinnon.
0:12 of 1st period - Shot Misses the Net.
0:36 of 1st period - Shot by Cole Caufield.
0:36 of 1st period - Shot Misses the Net.
0:38 of 1st period - Shot by Cole Caufield.
0:38 of 1st period - Shot Misses the Net.
1:05 of 1st period - Minor Penalty to Mathew Dumba for Roughing.
1:06 of 1st period - Mathieu Olivier wins face-off versus Dylan Larkin in Penguins zone.
1:15 of 1st period - Shot by Tyson Barrie.
1:15 of 1st period - Shot Misses the Net.
1:19 of 1st period - Shot by Mathieu Olivier.
1:19 of 1st period - Shot Misses the Net.
1:33 of 1st period - Shot by Moritz Seider.
1:33 of 1st period - Shot Misses the Net.
1:35 of 1st period - Shot by Mathieu Olivier.
1:35 of 1st period - Shot Blocked by Jeff Petry.
1:37 of 1st period - Shot by Zach Hyman.
1:37 of 1st period - Shot Misses the Net.
2:21 of 1st period - Shot by Joe Pavelski.
2:21 of 1st period - Stopped by Connor Hellebuyck without a rebound.
2:22 of 1st period - Phillip Danault wins face-off versus Ryan Poehling in Penguins zone.
2:41 of 1st period - Shot by Adam Fox.
2:41 of 1st period - Shot Blocked by Justin Faulk.
2:43 of 1st period - Shot by Phillip Danault.
2:43 of 1st period - Shot Misses the Net.
2:45 of 1st period - Shot by Rasmus Dahlin.
2:45 of 1st period - Stopped by Connor Hellebuyck without a rebound.
2:46 of 1st period - Ryan Poehling wins face-off versus Pierre-Luc Dubois in Penguins zone.
3:25 of 1st period - Shot by Nathan MacKinnon.
3:25 of 1st period - Shot Misses the Net.
4:17 of 1st period - Shot by Phillip Danault.
4:17 of 1st period - Shot Misses the Net.
4:45 of 1st period - Pierre-Luc Dubois is hit by Kevin Fiala and loses puck.
4:50 of 1st period - Shot by Josh Anderson.
4:50 of 1st period - Shot Blocked by Adam Fox.
5:11 of 1st period - Adrian Kempe is hit by Justin Faulk and loses puck.
5:20 of 1st period - Rasmus Dahlin is hit by Josh Anderson and loses puck.
5:36 of 1st period - Icing by Jeff Petry.
5:37 of 1st period - Ryan Poehling wins face-off versus Travis Boyd in Penguins zone.
6:05 of 1st period - Shot by Patrick Kane.
6:05 of 1st period - Goal by Patrick Kane - Penguins : 0 - Ducks : 1.
6:06 of 1st period - Phillip Danault wins face-off versus Rem Pitlick in neutral zone.
8:05 of 1st period - Brayden McNabb is hit by Kevin Fiala and loses puck.
8:24 of 1st period - Shot by Zach Hyman.
8:24 of 1st period - Stopped by Connor Hellebuyck with a rebound.
8:26 of 1st period - Shot by Ryan McDonagh.
8:26 of 1st period - Shot Blocked by MacKenzie Weegar.
8:28 of 1st period - Shot by Ryan McDonagh.
8:28 of 1st period - Stopped by Connor Hellebuyck without a rebound.
8:29 of 1st period - Nathan MacKinnon wins face-off versus Phillip Danault in Penguins zone.
9:10 of 1st period - Icing by Phillip Danault.
9:11 of 1st period - Ryan Poehling wins face-off versus Phillip Danault in Ducks zone.
9:19 of 1st period - Off-side.
9:20 of 1st period - Joe Pavelski wins face-off versus Ryan Poehling in neutral zone.
10:09 of 1st period - Icing by Jeff Petry.
10:10 of 1st period - Ryan Poehling wins face-off versus Travis Boyd in Penguins zone.
10:17 of 1st period - Logan O'Connor is hit by Travis Boyd and loses puck.
10:26 of 1st period - Shot by Patrick Kane.
10:26 of 1st period - Stopped by Connor Hellebuyck without a rebound.
10:27 of 1st period - Phillip Danault wins face-off versus Dylan Larkin in Penguins zone.
10:31 of 1st period - Icing by Justin Faulk.
10:32 of 1st period - Zach Hyman wins face-off versus Dylan Larkin in Penguins zone.
10:45 of 1st period - Off-side.
10:46 of 1st period - Nathan MacKinnon wins face-off versus Joe Pavelski in neutral zone.
10:58 of 1st period - Shot by Jesper Bratt.
10:58 of 1st period - Stopped by Frederik Andersen without a rebound.
10:59 of 1st period - Dylan Larkin wins face-off versus Travis Boyd in Ducks zone.
11:10 of 1st period - Shot by Dylan Larkin.
11:10 of 1st period - Stopped by Frederik Andersen without a rebound.
11:11 of 1st period - Nathan MacKinnon wins face-off versus Joe Pavelski in Ducks zone.
11:41 of 1st period - MacKenzie Weegar is hit by Pierre-Luc Dubois and loses puck.
12:31 of 1st period - Icing by Adrian Kempe.
12:32 of 1st period - Joe Pavelski wins face-off versus Ryan Poehling in Ducks zone.
12:57 of 1st period - Shot by Logan O'Connor.
12:57 of 1st period - Shot Misses the Net.
13:42 of 1st period - Shot by Kevin Fiala.
13:42 of 1st period - Shot Misses the Net.
13:44 of 1st period - Shot by Jeff Petry.
13:44 of 1st period - Shot Misses the Net.
13:50 of 1st period - Shot by Josh Anderson.
13:50 of 1st period - Shot Misses the Net.
13:52 of 1st period - Shot by Josh Anderson.
13:52 of 1st period - Shot Blocked by Moritz Seider.
13:58 of 1st period - Shot by Kevin Fiala.
13:58 of 1st period - Stopped by Frederik Andersen without a rebound.
13:59 of 1st period - Phillip Danault wins face-off versus Nathan MacKinnon in Ducks zone.
15:43 of 1st period - Icing by Nikolaj Ehlers.
15:44 of 1st period - Dylan Larkin wins face-off versus Nikolaj Ehlers in Ducks zone.
16:14 of 1st period - Dylan Larkin is hit by Travis Boyd and loses puck.
16:25 of 1st period - Shot by Zach Hyman.
16:25 of 1st period - Stopped by Connor Hellebuyck without a rebound.
16:26 of 1st period - Nathan MacKinnon wins face-off versus Phillip Danault in Penguins zone.
16:39 of 1st period - Shot by Jesper Bratt.
16:39 of 1st period - Shot Misses the Net.
17:19 of 1st period - Icing by MacKenzie Weegar.
17:20 of 1st period - Nathan MacKinnon wins face-off versus Travis Boyd in Penguins zone.
17:35 of 1st period - Devon Toews is hit by Travis Boyd.
17:48 of 1st period - Shot by Dylan Larkin.
17:48 of 1st period - Stopped by Frederik Andersen without a rebound.
17:49 of 1st period - Ryan Poehling wins face-off versus Joe Pavelski in Ducks zone.
17:54 of 1st period - Shot by Ryan Poehling.
17:54 of 1st period - Stopped by Frederik Andersen without a rebound.
17:55 of 1st period - Dylan Larkin wins face-off versus Joe Pavelski in Ducks zone.
18:50 of 1st period - Shot by Phillip Danault.
18:50 of 1st period - Shot Misses the Net.
18:52 of 1st period - Shot by Moritz Seider.
18:52 of 1st period - Shot Misses the Net.
18:54 of 1st period - Shot by Moritz Seider.
18:54 of 1st period - Stopped by Connor Hellebuyck without a rebound.
18:55 of 1st period - Travis Boyd wins face-off versus Ryan Poehling in Penguins zone.
19:49 of 1st period - Off-side.
19:50 of 1st period - Cole Caufield wins face-off versus Phillip Danault in neutral zone.
19:57 of 1st period - Shot by Nathan MacKinnon.
19:57 of 1st period - Shot Misses the Net.
19:59 of 1st period - Shot by Nathan MacKinnon.
19:59 of 1st period - Shot Misses the Net.
Goals for this period are 0 for Penguins vs 1 for Ducks.
Shots for this period are 5 for Penguins vs 8 for Ducks.

2nd period


0:01 of 2nd period - Nathan MacKinnon wins face-off versus Joe Pavelski in neutral zone.
1:18 of 2nd period - Shot by Phillip Danault.
1:18 of 2nd period - Stopped by Connor Hellebuyck without a rebound.
1:19 of 2nd period - Rem Pitlick wins face-off versus Travis Boyd in Penguins zone.
1:34 of 2nd period - Icing by Jeff Petry.
1:35 of 2nd period - Phillip Danault wins face-off versus Rem Pitlick in Penguins zone.
1:36 of 2nd period - Shot by Mats Zuccarello.
1:36 of 2nd period - Goal by Mats Zuccarello - Penguins : 0 - Ducks : 2.
1:37 of 2nd period - Phillip Danault wins face-off versus Dylan Larkin in neutral zone.
1:45 of 2nd period - Icing by Dylan Larkin.
1:46 of 2nd period - Joe Pavelski wins face-off versus Dylan Larkin in Penguins zone.
1:46 of 2nd period - Rasmus Dahlin is hit by Jeff Petry and loses puck.
2:03 of 2nd period - Shot by Mathew Dumba.
2:03 of 2nd period - Shot Misses the Net.
2:05 of 2nd period - Shot by Josh Anderson.
2:05 of 2nd period - Shot Misses the Net.
2:07 of 2nd period - Shot by Kevin Fiala.
2:07 of 2nd period - Shot Misses the Net.
2:09 of 2nd period - Shot by Dylan Larkin.
2:09 of 2nd period - Stopped by Frederik Andersen with a rebound.
2:11 of 2nd period - Shot by Jeff Petry.
2:11 of 2nd period - Shot Misses the Net.
3:55 of 2nd period - Shot by Zach Hyman.
3:55 of 2nd period - Shot Misses the Net.
4:15 of 2nd period - Shot by Zach Hyman.
4:15 of 2nd period - Shot Misses the Net.
4:17 of 2nd period - Shot by Jack Johnson.
4:17 of 2nd period - Shot Blocked by Devon Toews.
4:19 of 2nd period - Shot by Zach Hyman.
4:19 of 2nd period - Shot Blocked by Devon Toews.
4:21 of 2nd period - Shot by Zach Hyman.
4:21 of 2nd period - Deflect By Travis Boyd.
4:21 of 2nd period - Shot Misses the Net.
4:23 of 2nd period - Shot by Patrick Kane.
4:23 of 2nd period - Shot Misses the Net.
5:12 of 2nd period - Shot by Dylan Larkin.
5:12 of 2nd period - Shot Blocked by Rasmus Dahlin.
5:36 of 2nd period - Icing by Rem Pitlick.
5:37 of 2nd period - Mats Zuccarello wins face-off versus Rem Pitlick in Penguins zone.
6:02 of 2nd period - Shot by Oskar Lindblom.
6:02 of 2nd period - Deflect By Rem Pitlick.
6:02 of 2nd period - Shot Misses the Net.
6:40 of 2nd period - Icing by Devon Toews.
6:41 of 2nd period - Travis Boyd wins face-off versus Nathan MacKinnon in Penguins zone.
7:04 of 2nd period - Jesper Bratt is hit by Travis Boyd and loses puck.
7:51 of 2nd period - Shot by Kevin Fiala.
7:51 of 2nd period - Stopped by Frederik Andersen without a rebound.
7:52 of 2nd period - Joe Pavelski wins face-off versus Ryan Poehling in Ducks zone.
8:09 of 2nd period - Shot by Ryan Poehling.
8:09 of 2nd period - Shot Misses the Net.
8:11 of 2nd period - Shot by Logan O'Connor.
8:11 of 2nd period - Goal by Logan O'Connor - Penguins : 1 - Ducks : 2.
8:12 of 2nd period - Phillip Danault wins face-off versus Rem Pitlick in neutral zone.
8:27 of 2nd period - Shot by Phillip Danault.
8:27 of 2nd period - Shot Misses the Net.
8:41 of 2nd period - Shot by Rem Pitlick.
8:41 of 2nd period - Deflect By Rudolfs Balcers.
8:41 of 2nd period - Stopped by Frederik Andersen without a rebound.
8:42 of 2nd period - Dylan Larkin wins face-off versus Joe Pavelski in Ducks zone.
8:51 of 2nd period - Shot by Devon Toews.
8:51 of 2nd period - Deflect By Dylan Larkin.
8:51 of 2nd period - Stopped by Frederik Andersen without a rebound.
8:52 of 2nd period - Joe Pavelski wins face-off versus Nathan MacKinnon in Ducks zone.
8:59 of 2nd period - Shot by Nathan MacKinnon.
8:59 of 2nd period - Shot Misses the Net.
9:14 of 2nd period - Devon Toews is hit by Adrian Kempe.
10:13 of 2nd period - Shot by Patrick Kane.
10:13 of 2nd period - Shot Misses the Net.
10:16 of 2nd period - Icing by Justin Faulk.
10:17 of 2nd period - Phillip Danault wins face-off versus Nathan MacKinnon in Penguins zone.
10:22 of 2nd period - Shot by Mats Zuccarello.
10:22 of 2nd period - Shot Misses the Net.
10:38 of 2nd period - Shot by Mats Zuccarello.
10:38 of 2nd period - Stopped by Connor Hellebuyck with a rebound.
10:41 of 2nd period - Minor Penalty to Mathieu Olivier for Holding.
10:42 of 2nd period - Dylan Larkin wins face-off versus Phillip Danault in Ducks zone.
11:02 of 2nd period - Shot by Jeff Petry.
11:02 of 2nd period - Stopped by Frederik Andersen without a rebound.
11:03 of 2nd period - Dylan Larkin wins face-off versus Phillip Danault in Ducks zone.
12:24 of 2nd period - Mathew Dumba is hit by Pierre-Luc Dubois and loses puck.
12:29 of 2nd period - Moritz Seider is hit by Josh Anderson and loses puck.
12:36 of 2nd period - Shot by Mathew Dumba.
12:36 of 2nd period - Stopped by Frederik Andersen without a rebound.
12:37 of 2nd period - Pierre-Luc Dubois wins face-off versus Rem Pitlick in Ducks zone.
12:43 of 2nd period - Minor Penalty to Logan O'Connor for Holding.
12:44 of 2nd period - Joe Pavelski wins face-off versus Dylan Larkin in Penguins zone.
12:45 of 2nd period - Shot by Tyson Barrie.
12:45 of 2nd period - Stopped by Connor Hellebuyck without a rebound.
12:46 of 2nd period - Phillip Danault wins face-off versus Dylan Larkin in Penguins zone.
13:25 of 2nd period - Shot by Tyson Barrie.
13:25 of 2nd period - Stopped by Connor Hellebuyck without a rebound.
13:26 of 2nd period - Joe Pavelski wins face-off versus Rem Pitlick in Penguins zone.
14:05 of 2nd period - Shot by Rasmus Dahlin.
14:05 of 2nd period - Shot Misses the Net.
14:07 of 2nd period - Shot by Rasmus Dahlin.
14:07 of 2nd period - Shot Misses the Net.
14:09 of 2nd period - Shot by Claude Giroux.
14:09 of 2nd period - Stopped by Connor Hellebuyck with a rebound.
15:09 of 2nd period - Shot by Ryan Poehling.
15:09 of 2nd period - Deflect By Logan O'Connor.
15:09 of 2nd period - Stopped by Frederik Andersen without a rebound.
15:10 of 2nd period - Claude Giroux wins face-off versus Nathan MacKinnon in Ducks zone.
15:45 of 2nd period - Shot by Cole Caufield.
15:45 of 2nd period - Shot Blocked by Claude Giroux.
16:19 of 2nd period - Shot by Rasmus Dahlin.
16:19 of 2nd period - Shot Misses the Net.
16:21 of 2nd period - Shot by Phillip Danault.
16:21 of 2nd period - Shot Blocked by Dylan Larkin.
16:23 of 2nd period - Shot by Adam Fox.
16:23 of 2nd period - Stopped by Connor Hellebuyck with a rebound.
16:25 of 2nd period - Shot by Adam Fox.
16:25 of 2nd period - Shot Misses the Net.
16:27 of 2nd period - Shot by Phillip Danault.
16:27 of 2nd period - Stopped by Connor Hellebuyck without a rebound.
16:28 of 2nd period - Logan O'Connor wins face-off versus Travis Boyd in Penguins zone.
17:38 of 2nd period - Shot by Nathan MacKinnon.
17:38 of 2nd period - Shot Misses the Net.
18:47 of 2nd period - Moritz Seider is hit by Nathan MacKinnon and loses puck.
18:56 of 2nd period - Mathew Dumba is hit by Mathieu Olivier and loses puck.
19:24 of 2nd period - Off-side.
19:25 of 2nd period - Claude Giroux wins face-off versus Dylan Larkin in neutral zone.
19:28 of 2nd period - Shot by Pierre-Luc Dubois.
19:28 of 2nd period - Shot Hit the Post.
19:50 of 2nd period - Shot by Claude Giroux.
19:50 of 2nd period - Shot Misses the Net.
Goals for this period are 1 for Penguins vs 1 for Ducks.
Shots for this period are 8 for Penguins vs 8 for Ducks.

3rd period


0:01 of 3rd period - Joe Pavelski wins face-off versus Kevin Fiala in neutral zone.
0:26 of 3rd period - Shot by Kevin Fiala.
0:26 of 3rd period - Shot Misses the Net.
0:54 of 3rd period - Icing by Kevin Fiala.
0:55 of 3rd period - Phillip Danault wins face-off versus Dylan Larkin in Penguins zone.
1:09 of 3rd period - Kevin Fiala is hit by Moritz Seider and loses puck.
1:13 of 3rd period - Icing by Tyson Barrie.
1:14 of 3rd period - Mats Zuccarello wins face-off versus Ryan Poehling in Ducks zone.
1:50 of 3rd period - Minor Penalty to MacKenzie Weegar for Holding.
1:51 of 3rd period - Joe Pavelski wins face-off versus Dylan Larkin in Penguins zone.
2:14 of 3rd period - Shot by Adam Fox.
2:14 of 3rd period - Shot Misses the Net.
3:32 of 3rd period - Shot by Phillip Danault.
3:32 of 3rd period - Shot Misses the Net.
3:34 of 3rd period - Shot by Moritz Seider.
3:34 of 3rd period - Goal by Moritz Seider - Penguins : 1 - Ducks : 3.
3:35 of 3rd period - Travis Boyd wins face-off versus Nathan MacKinnon in neutral zone.
3:59 of 3rd period - Shot by Zach Hyman.
3:59 of 3rd period - Deflect By Patrick Kane.
3:59 of 3rd period - Stopped by Connor Hellebuyck without a rebound.
4:00 of 3rd period - Phillip Danault wins face-off versus Rem Pitlick in Penguins zone.
4:16 of 3rd period - Shot by Rudolfs Balcers.
4:16 of 3rd period - Stopped by Frederik Andersen with a rebound.
5:19 of 3rd period - Shot by Cole Caufield.
5:19 of 3rd period - Shot Misses the Net.
5:21 of 3rd period - Shot by MacKenzie Weegar.
5:21 of 3rd period - Stopped by Frederik Andersen without a rebound.
5:22 of 3rd period - Dylan Larkin wins face-off versus Travis Boyd in Ducks zone.
6:25 of 3rd period - Icing by Devon Toews.
6:26 of 3rd period - Josh Anderson wins face-off versus Joe Pavelski in Penguins zone.
6:51 of 3rd period - Jeff Petry is hit by Rasmus Dahlin and loses puck.
7:40 of 3rd period - Icing by Matt Roy.
7:41 of 3rd period - Nathan MacKinnon wins face-off versus Zach Hyman in Penguins zone.
7:46 of 3rd period - Shot by Jesper Bratt.
7:46 of 3rd period - Shot Misses the Net.
8:04 of 3rd period - Shot by Jesper Bratt.
8:04 of 3rd period - Shot Blocked by Brayden McNabb.
8:44 of 3rd period - Travis Boyd is hit by Josh Anderson.
9:06 of 3rd period - Shot by Joe Pavelski.
9:06 of 3rd period - Stopped by Connor Hellebuyck without a rebound.
9:07 of 3rd period - Ryan Poehling wins face-off versus Phillip Danault in Penguins zone.
9:07 of 3rd period - Mathew Dumba is hit by Mathieu Olivier and loses puck.
9:21 of 3rd period - Icing by Logan O'Connor.
9:22 of 3rd period - Ryan Poehling wins face-off versus Joe Pavelski in Penguins zone.
9:50 of 3rd period - Off-side.
9:51 of 3rd period - Phillip Danault wins face-off versus Dylan Larkin in neutral zone.
10:11 of 3rd period - Phillip Danault is hit by Justin Faulk.
10:54 of 3rd period - Icing by Joe Pavelski.
10:55 of 3rd period - Joe Pavelski wins face-off versus Nathan MacKinnon in Ducks zone.
11:06 of 3rd period - Shot by Pierre-Luc Dubois.
11:06 of 3rd period - Stopped by Connor Hellebuyck without a rebound.
11:07 of 3rd period - Rem Pitlick wins face-off versus Travis Boyd in Penguins zone.
11:24 of 3rd period - Brayden McNabb is hit by Rem Pitlick and loses puck.
11:49 of 3rd period - Shot by Patrick Kane.
11:49 of 3rd period - Goal by Patrick Kane - Penguins : 1 - Ducks : 4.
11:50 of 3rd period - Joe Pavelski wins face-off versus Nathan MacKinnon in neutral zone.
11:59 of 3rd period - Rasmus Dahlin is hit by Nathan MacKinnon and loses puck.
12:14 of 3rd period - Shot by Jesper Bratt.
12:14 of 3rd period - Stopped by Frederik Andersen without a rebound.
12:15 of 3rd period - Kevin Fiala wins face-off versus Phillip Danault in Ducks zone.
12:36 of 3rd period - Shot by Dylan Larkin.
12:36 of 3rd period - Stopped by Frederik Andersen without a rebound.
12:37 of 3rd period - Nathan MacKinnon wins face-off versus Adrian Kempe in Ducks zone.
12:54 of 3rd period - Shot by Joe Pavelski.
12:54 of 3rd period - Shot Blocked by Mathew Dumba.
12:58 of 3rd period - Shot by Adrian Kempe.
12:58 of 3rd period - Stopped by Connor Hellebuyck without a rebound.
12:59 of 3rd period - Dylan Larkin wins face-off versus Travis Boyd in Penguins zone.
13:28 of 3rd period - Shot by Justin Faulk.
13:28 of 3rd period - Stopped by Frederik Andersen without a rebound.
13:29 of 3rd period - Nathan MacKinnon wins face-off versus Joe Pavelski in Ducks zone.
13:29 of 3rd period - Nathan MacKinnon is hit by Rasmus Dahlin.
13:42 of 3rd period - Icing by Mathew Dumba.
13:43 of 3rd period - Phillip Danault wins face-off versus Nathan MacKinnon in Penguins zone.
14:36 of 3rd period - Mathew Dumba is hit by Adam Fox and loses puck.
14:44 of 3rd period - Icing by Adam Fox.
14:45 of 3rd period - Joe Pavelski wins face-off versus Dylan Larkin in Ducks zone.
14:52 of 3rd period - Kevin Fiala is hit by Joe Pavelski and loses puck.
14:56 of 3rd period - Icing by Devon Toews.
14:57 of 3rd period - Dylan Larkin wins face-off versus Travis Boyd in Penguins zone.
15:10 of 3rd period - Shot by Zach Hyman.
15:10 of 3rd period - Stopped by Connor Hellebuyck without a rebound.
15:11 of 3rd period - Ryan Poehling wins face-off versus Joe Pavelski in Penguins zone.
15:11 of 3rd period - Ryan Poehling is hit by Pierre-Luc Dubois.
15:27 of 3rd period - Shot by Adam Fox.
15:27 of 3rd period - Shot Blocked by Logan O'Connor.
15:29 of 3rd period - Shot by Rasmus Dahlin.
15:29 of 3rd period - Shot Blocked by Matt Roy.
16:05 of 3rd period - Shot by Dylan Larkin.
16:05 of 3rd period - Shot Misses the Net.
16:28 of 3rd period - Icing by Devon Toews.
16:29 of 3rd period - Dylan Larkin wins face-off versus Travis Boyd in Penguins zone.
17:07 of 3rd period - Shot by Travis Boyd.
17:07 of 3rd period - Deflect By Patrick Kane.
17:07 of 3rd period - Stopped by Connor Hellebuyck without a rebound.
17:08 of 3rd period - Mats Zuccarello wins face-off versus Nathan MacKinnon in Penguins zone.
17:15 of 3rd period - Shot by Mats Zuccarello.
17:15 of 3rd period - Shot Misses the Net.
18:13 of 3rd period - Icing by Phillip Danault.
18:14 of 3rd period - Mats Zuccarello wins face-off versus Rem Pitlick in Ducks zone.
18:14 of 3rd period - Phillip Danault is hit by Rem Pitlick and loses puck.
19:26 of 3rd period - Shot by Travis Boyd.
19:26 of 3rd period - Shot Blocked by MacKenzie Weegar.
Goals for this period are 0 for Penguins vs 2 for Ducks.
Shots for this period are 5 for Penguins vs 8 for Ducks.